 Dungeon Crawl Stone Soup version 0.16.2-2-g470672f (webtiles) character file.

15046 SirGodfroy the Spear-Bearer (level 11, -10/85 HPs)
             Began as a Grey Draconian Fire Elementalist on Aug 16, 2015.
             Was a High Priest of the Shining One.
             Killed from afar by a wretched star (18 damage)
             ... with an orb of energy
             ... on level 1 of the Abyss.
             The game lasted 01:01:43 (11290 turns).

SirGodfroy the Spear-Bearer (DrFE)                 Turns: 11290, Time: 01:01:43

Health: -10/85     AC: 18    Str: 11    XL:     11   Next: 96%
Magic:  18/24      EV: 19    Int: 18    God:    the Shining One [*****.]
Gold:   841        SH:  0    Dex: 10    Spells: 4 memorised, 11 levels left

rFire  + . .     SeeInvis .     I - +3 halberd (freeze)
rCold  + . .     Rnd*Rage +     (armour unavailable)
rNeg   + + .     SustAb   .     (no shield)
rPois  +         Gourm    .     (helmet restricted)
rElec  +         Spirit   .     e - +2 cloak
rCorr  +         Warding  .     (no gloves)
rMut   .         Stasis   .     u - +2 pair of boots
MR     .....                    q - amulet of regeneration
Stlth  +.........               n - +5 ring of slaying
                                a - +4 ring of evasion (curse)

@: about to teleport, resistant, very slightly contaminated, non-regenerating,
diseased, glowing, not resistant to hostile enchantments, very unstealthy
A: walk through water, unfitting armour, talons 2, berserk 1, clumsy 1, deformed
body, frail 1, unbreathing, cold-blooded, AC +12
a: Divine Shield, Cleansing Flame, Summon Divine Warrior, Renounce Religion


You were on level 1 of the Abyss.
You worshipped the Shining One.
The Shining One was extremely pleased with you.
You were very hungry.

You visited 2 branches of the dungeon, and saw 13 of its levels.
You visited the Abyss 1 time.

You collected 841 gold pieces.

Inventory:

Hand weapons
 g - a +2 scythe of flaming
 j - a +0 battleaxe
 I - a +3 halberd of freezing (weapon)
Armour
 e - a +2 cloak (worn)
 u - a +2 pair of boots (worn)
Jewellery
 a - a cursed +4 ring of evasion (left hand)
 i - an uncursed ring of see invisible
 m - a +6 ring of protection {unknown}
 n - a +5 ring of slaying (right hand)
 q - an amulet of regeneration (around neck)
 N - an uncursed amulet of guardian spirit {unknown}
Magical devices
 d - a wand of polymorph (0)
 f - a wand of fireball (1)
 x - a wand of frost (32)
 z - a wand of polymorph (9)
 J - a wand of frost (29)
 M - a wand of lightning (1)
 T - a wand of invisibility (5)
Scrolls
 l - 2 scrolls of enchant armour
 r - 7 scrolls of identify
 t - 5 scrolls of teleportation
 y - 3 scrolls of summoning
 A - a scroll of blinking
 D - 3 scrolls of amnesia
 E - 4 scrolls of remove curse
 F - 5 scrolls of fog
 P - a scroll of recharging
 U - a scroll of magic mapping
Potions
 k - a potion of decay {unknown}
 p - 2 potions of brilliance
 s - 2 potions of curing
 K - 2 potions of might
 L - 2 potions of lignification {unknown}
 O - a potion of beneficial mutation {unknown}
 S - a potion of flight {unknown}
Books
 b - a book of Flames

   Spells                             Type                      Level
   a - Flame Tongue                   Conjuration/Fire             1
   b - Throw Flame                    Conjuration/Fire             2
   c - Conjure Flame                  Conjuration/Fire             3
   d - Inner Flame                    Hexes/Fire                   3
   e - Sticky Flame                   Conjuration/Fire             4
   f - Fireball                       Conjuration/Fire             5
 h - the Compendium of Excruciating Contamination
   (You found it on level 6 of the Dungeon)

   Spells                             Type                      Level
   a - Sting                          Conjuration/Poison           1
   b - Mephitic Cloud                 Conjuration/Poison/Air       3
   c - Spider Form                    Transmutation/Poison         3
   d - Olgreb's Toxic Radiance        Poison                       4
   e - Alistair's Intoxication        Transmutation/Poison         4
   f - Venom Bolt                     Conjuration/Poison           5
   The Shining One disapproves of the use of such an item.
 C - a Necronomicon {highlevel}

   This book is beyond your current level of understanding.

   Spells                             Type                      Level
   a - Haunt                          Necromancy/Summoning         7
   b - Borgnjor's Revivification      Necromancy                   8
   c - Death's Door                   Charms/Necromancy            8
   d - Necromutation                  Transmutation/Necromancy     8
   The Shining One opposes the use of such an evil item.
 Q - a book of Hinderance

   Spells                             Type                      Level
   a - Confusing Touch                Hexes                        2
   b - Confuse                        Hexes                        3
   c - Petrify                        Transmutation/Earth          4
   d - Metabolic Englaciation         Hexes/Ice                    5
   e - Gell's Gravitas                Hexes/Translocation          5
   f - Summon Mana Viper              Hexes/Summoning              5
Comestibles
 c - 10 bread rations
 o - a beef jerky
 v - 3 slices of pizza
 w - a fruit
 G - 2 meat rations


   Skills:
 + Level 8.9 Fighting
 + Level 11.4 Polearms
 + Level 7.7 Dodging
 - Level 1.7 Stealth
 + Level 5.9 Spellcasting
 + Level 6.3 Conjurations
 + Level 6.9 Fire Magic
 * Level 1.0 Invocations


You had 11 spell levels left.
You knew the following spells:

 Your Spells              Type           Power        Failure   Level  Hunger
a - Flame Tongue          Conj/Fire      ####.        1%          1    None
b - Throw Flame           Conj/Fire      ####..       1%          2    None
c - Sticky Flame          Conj/Fire      ####....     10%         4    ####...
d - Conjure Flame         Conj/Fire      ####....     2%          3    ##.....


Dungeon Overview and Level Annotations

Branches:
Dungeon (12/15)            Temple (1/1) D:6            Lair (0/8) D:10
    Orc (0/4) D:10

Altars:
Ashenzari
Cheibriados
Dithmenos
Elyvilon
Fedhas
Gozag
Kikubaaqudgha
Makhleb
Nemelex Xobeh
Okawaru
Qazlal
Ru
Sif Muna
Trog
Vehumet
Xom
Yredelemnul
Zin
The Shining One

Shops:
D:4 [   D:8 }

Annotations:
D:7 exclusion: oklob plant


Innate Abilities, Weirdness & Mutations

You can walk through water.
Your dull iron-grey scales are very hard (AC +12).
Your body does not fit into most forms of armour.
You can survive without breathing.
Your cold-blooded metabolism reacts poorly to cold.
You have razor-sharp toenails.
Your body is misshapen.
[You tend to lose your temper in combat.]
[You are clumsy. (Dex -2)]
[You are frail (-10% HP).]


Message History

Okay, then.
Drink which item? (? for menu, Esc to quit)
You feel better. The harpy zombie barely misses you.
The harpy zombie claws you but does no damage.
You feel yourself growing ill in the presence of the ancient zyme.
The harpy zombie closely misses you. x2
The harpy zombie barely misses you. The harpy zombie claws you.
* * * LOW HITPOINT WARNING * * *
The harpy zombie closely misses you. The harpy zombie completely misses you.
The harpy zombie misses you. The harpy zombie completely misses you.
A wretched star comes into view.
You feel ill. The harpy zombie closely misses you.
The harpy zombie closely misses you.
The wretched star pulses with an eldritch light!
You feel a little pissed off.
You feel clumsy.
You feel frail. The harpy zombie completely misses you.
The harpy zombie claws you.
* * * LOW HITPOINT WARNING * * *
The wretched star glows turbulently.
The orb of energy hits you!
You die...

# .......L#..#..##
. . .##..# L#.##..#
#... .#.
.......#.#.#....###
# ..#.##.#W...#####
.####.....4####
#### #.....#.# . #.
#.#..Wx#...##.. # .
#.....Z###.##..
##.###@....*... ≈
#..#..#....#.≈ ≈≈
###....#..≈..
#...#.#.#≈≈≈ ≈# ≈
..... .§ . ≈≈ ≈
#..###.§.. . # ≈≈.
.. . ##. . . ..# #


You could see an unborn, a wretched star, a shadow wraith (invisible), an
ancient zyme, a rust devil, a wraith and a harpy zombie.

Vanquished Creatures
  A thrashing horror (Abyss:1)
  4 hill giants
  The ghost of Xenophilius the Ruffian, an experienced NaTm of Okawaru (D:5)
  An ugly thing (D:11)
  A manticore (D:11)
  Maurice (D:12)
  The ghost of SirGodfroy the Insei, an experienced DrTm (D:4)
  Sonja (D:11)
  A deep elf mage (D:10)
  A trapdoor spider zombie (D:9)
  A spriggan (D:7)
  A wyvern (D:9)
  A small abomination (Abyss:1)
  2 hungry ghosts
  18 yaks
  5 hippogriffs
  A wraith (D:10)
  Edmund (D:6)
  A wasp (D:12)
  5 ogres
  3 ice beasts
  2 orc warriors (D:10)
  A phantom (D:9)
  A black bear (D:12)
  6 centaurs
  4 sky beasts
  A crocodile (D:11)
  Sigmund (D:2)
  16 big kobolds
  8 giant frogs
  2 wyvern zombies (D:9)
  Blork the orc (D:7)
  A scorpion (D:7)
  A water moccasin zombie (D:5)
  7 wights
  14 killer bees
  2 goliath beetles
  7 hounds
  A giant frog zombie (D:12)
  7 crimson imps
  A centaur skeleton (D:6)
  Crazy Yiuf (D:5)
  7 orc priests
  A jelly (D:9)
  5 iguanas
  9 worker ants
  Natasha (thrice) (D:3)
  6 orc wizards
  A gnoll shaman (D:6)
  Ijyb (D:3)
  Jessica (D:2)
  A hound skeleton (D:9)
  A mummy (D:9)
  10 gnolls (D:6)
  10 adders
  A white imp (Abyss:1)
  3 giant mites
  2 shadow imps
  4 worms (D:3)
  An adder skeleton (D:5)
  2 adder zombies
  10 giant geckos
  An ooze (D:3)
  46 orcs
  A bat skeleton (D:7)
  6 giant cockroaches
  9 goblins
  19 hobgoblins
  11 jackals
  A quokka (D:2)
  2 ball pythons (D:4)
  14 bats
  8 giant newts
  A jackal skeleton (D:4)
  30 kobolds
  15 rats
380 creatures vanquished.

Vanquished Creatures (others)
  3 plants (D:10)
  2 starspawn tentacles (Abyss:1)
  16 starspawn tentacle segments (Abyss:1)
21 creatures vanquished.

Grand Total: 401 creatures vanquished

Notes
Turn   | Place    | Note
--------------------------------------------------------------
     0 | D:1      | SirGodfroy, the Draconian Fire Elementalist, began the quest for the Orb.
     0 | D:1      | Reached XP level 1. HP: 14/14 MP: 3/3
   469 | D:1      | Reached XP level 2. HP: 20/20 MP: 0/4
   558 | D:1      | Learned a level 2 spell: Throw Flame
  1248 | D:2      | Reached XP level 3. HP: 26/26 MP: 6/6
  1366 | D:2      | Noticed Sigmund
  1382 | D:2      | Killed Sigmund
  1382 | D:2      | Reached skill level 4 in Fire Magic
  1382 | D:2      | Reached XP level 4. HP: 16/33 MP: 6/9
  1387 | D:2      | Reached XP level 5. HP: 17/38 MP: 7/11
  1457 | D:2      | Noticed Jessica
  1457 | D:2      | Killed Jessica
  2040 | D:3      | Reached skill level 1 in Polearms
  2081 | D:3      | Noticed Natasha
  2091 | D:3      | Killed Natasha
  2095 | D:3      | Noticed Natasha
  2104 | D:3      | HP: 1/38 [Natasha (4)]
  2106 | D:3      | Killed Natasha
  2299 | D:3      | Noticed Natasha
  2371 | D:2      | Learned a level 4 spell: Sticky Flame
  2375 | D:2      | Learned a level 3 spell: Conjure Flame
  2402 | D:3      | Killed Natasha
  2538 | D:3      | Noticed Ijyb
  2549 | D:3      | Killed Ijyb
  2610 | D:3      | Reached XP level 6. HP: 45/45 MP: 13/13
  2656 | D:3      | Found a glowing golden altar of the Shining One.
  2670 | D:3      | Became a worshipper of the Shining One
  2791 | D:4      | Found Threotet's Armour Shop.
  2900 | D:4      | Noticed SirGodfroy's ghost (experienced DrTm)
  2917 | D:4      | Killed SirGodfroy's ghost
  2917 | D:4      | Your scales start taking on a dull iron-grey colour.
  2917 | D:4      | Gained mutation: You can survive without breathing. [draconian maturity]
  2917 | D:4      | Reached XP level 7. HP: 17/55 MP: 12/15
  3765 | D:5      | Entered Level 5 of the Dungeon
  3830 | D:5      | Found a shadowy altar of Dithmenos.
  3862 | D:5      | Reached skill level 5 in Polearms
  3870 | D:5      | Found a stormy altar of Qazlal.
  3893 | D:5      | Noticed Crazy Yiuf
  3902 | D:5      | Killed Crazy Yiuf
  3981 | D:5      | Acquired the Shining One's first power
  4042 | D:5      | Reached XP level 8. HP: 63/63 MP: 17/17
  4149 | D:5      | Found a blossoming altar of Fedhas.
  4295 | D:5      | Noticed Xenophilius' ghost (experienced NaTm)
  4313 | D:5      | Killed Xenophilius' ghost
  4313 | D:5      | Reached skill level 6 in Polearms
  4940 | D:6      | Reached skill level 7 in Polearms
  5083 | D:6      | Reached skill level 5 in Fighting
  5110 | D:6      | Found an ancient bone altar of Kikubaaqudgha.
  5115 | D:6      | Gained mutation: You have sharp toenails. [potion of mutation]
  5115 | D:6      | Gained mutation: Your body is misshapen. [potion of mutation]
  5115 | D:6      | Gained mutation: You have razor-sharp toenails. [potion of mutation]
  5167 | D:6      | Noticed Edmund
  5177 | D:6      | Killed Edmund
  5177 | D:6      | Reached skill level 5 in Dodging
  5177 | D:6      | Reached XP level 9. HP: 74/74 MP: 18/18
  5216 | D:6      | Found a staircase to the Ecumenical Temple.
  5222 | Temple   | Entered the Ecumenical Temple
  5499 | D:6      | Identified the Compendium of Excruciating Contamination
  5596 | D:6      | Found a sparkling altar of Nemelex Xobeh.
  5977 | D:7      | Reached skill level 8 in Polearms
  6019 | D:7      | Found a glowing silver altar of Zin.
  6034 | D:7      | Noticed an oklob plant
  6041 | D:7      | Acquired the Shining One's second power
  6117 | D:7      | Noticed Blork the orc
  6123 | D:7      | Killed Blork the orc
  6784 | D:8      | Found a deep blue altar of Sif Muna.
  6784 | D:8      | Found a bloodstained altar of Trog.
  6784 | D:8      | Found a snail-covered altar of Cheibriados.
  6786 | D:8      | Found an opulent altar of Gozag.
  6884 | D:8      | Found Pserhuon's Gadget Shop.
  6933 | D:8      | Found an iron altar of Okawaru.
  7030 | D:8      | Reached skill level 9 in Polearms
  7619 | D:8      | Reached XP level 10. HP: 84/84 MP: 20/20
  7976 | D:9      | Reached skill level 5 in Fire Magic
  8023 | D:9      | Found a radiant altar of Vehumet.
  8030 | D:9      | Reached skill level 10 in Polearms
  8066 | D:9      | Found a shattered altar of Ashenzari.
  8359 | D:9      | Found an iron altar of Okawaru.
  8627 | D:10     | Entered Level 10 of the Dungeon
  8758 | D:10     | Found a staircase to the Orcish Mines.
  9030 | D:10     | Noticed a hill giant
  9034 | D:10     | Killed a hill giant
  9058 | D:10     | Noticed a hill giant
  9065 | D:10     | Killed a hill giant
  9065 | D:10     | Reached skill level 5 in Conjurations
  9065 | D:10     | Reached XP level 11. HP: 58/94 MP: 19/22
  9338 | D:10     | Found a staircase to the Lair.
  9505 | D:10     | Reached skill level 5 in Spellcasting
  9687 | D:11     | Noticed Sonja
  9696 | D:11     | Killed Sonja
 10119 | D:11     | Acquired the Shining One's third power
 10219 | D:11     | The Shining One protects you from harm!
 10379 | D:11     | Reached skill level 11 in Polearms
 10479 | D:11     | Noticed a hill giant
 10488 | D:11     | Killed a hill giant
 10675 | D:12     | Noticed a hill giant
 10685 | D:12     | Killed a hill giant
 10969 | D:12     | Noticed Maurice
 10979 | D:12     | Killed Maurice
 11145 | D:12     | Noticed a wizard
 11147 | D:12     | Noticed a wizard
 11153 | D:12     | Cast into the Abyss (a wizard)
 11185 | Abyss:1  | Noticed a tentacled starspawn
 11209 | Abyss:1  | Acquired the Shining One's fourth power
 11246 | Abyss:1  | Noticed an unborn
 11249 | Abyss:1  | Noticed a thrashing horror
 11267 | Abyss:1  | Killed a thrashing horror
 11267 | Abyss:1  | Reached skill level 1 in Invocations
 11270 | Abyss:1  | Noticed a shadow wraith
 11289 | Abyss:1  | Noticed a wretched star
 11290 | Abyss:1  | Killed from afar by a wretched star

Action                   |  1- 3 |  4- 6 |  7- 9 | 10-12 || total
-------------------------+-------+-------+-------+-------++-------
Melee: Unarmed           |    50 |     7 |       |       ||    57
       Dagger            |    91 |     8 |       |       ||    99
       Scythe            |       |   109 |   326 |   377 ||   812
       Halberd           |       |       |       |    51 ||    51
 Cast: Flame Tongue      |     9 |       |       |       ||     9
       Throw Flame       |     3 |       |       |    13 ||    16
       Conjure Flame     |       |     2 |     9 |    19 ||    30
       Sticky Flame      |       |       |     2 |    11 ||    13
  Use: Scroll            |     6 |     1 |    13 |     7 ||    27
       Potion            |     2 |     4 |     3 |     4 ||    13
 Stab: Invisible         |     2 |       |       |       ||     2
       Sleeping          |     1 |     2 |     2 |       ||     5
       Distracted        |       |       |     1 |       ||     1
  Eat: Chunk             |     2 |     5 |    18 |    18 ||    43
       Fruit             |       |       |     2 |       ||     2
